 Dungeon Crawl Stone Soup version 0.31-a0-705-ga145531891 (webtiles) character file.

Game seed: 17198916636298818884

30 randomguy2701 the Trooper (level 3, -4/33 HPs)
             Began as a Hill Orc Fighter on Sept 9, 2023.
             Slain by Sigmund
             ... wielding a +0 scythe
              (6 damage)
             ... on level 2 of the Dungeon.
             The game lasted 00:00:45 (843 turns).

randomguy2701 the Trooper (Hill Orc Fighter)         Turns: 843, Time: 00:00:45

Health: -4/33      AC:  7    Str: 18    XL:     3   Next: 20%
Magic:  3/3        EV:  9    Int:  8    God:
Gold:   64         SH:  4    Dex: 12    Spells: 2/2 levels left

rFire   . . .        a - +0 war axe
rCold   . . .        c - +0 buckler
rNeg    . . .        b - +0 scale mail
rPois   .            (no helmet)
rElec   .            (no cloak)
rCorr   .            (no gloves)
SInv    .            (no boots)
Will    .....        (no amulet) Stlth
                     (no ring)
HPRegen 0.25/turn    (no ring)
MPRegen 0.08/turn

%: no passive effects
@: no status effects
A: no striking features
a: no special abilities


You were on level 2 of the Dungeon.
You visited 1 branch of the dungeon, and saw 2 of its levels.

You collected 64 gold pieces.

Inventory:

Hand Weapons
 a - a +0 war axe (weapon)
Armour
 b - a +0 scale mail (worn)
 c - a +0 buckler (worn)
Scrolls
 h - a scroll of teleportation {unknown}
 i - a scroll of identify {unknown}
Potions
 d - 2 potions of might
 e - 2 potions of lignification {unknown}
 f - 2 potions of haste {unknown}
 g - a potion of curing {unknown}
 j - a potion of berserk rage {unknown}


   Skills:
 + Level 4.1 Fighting
 + Level 3.1 Axes
 + Level 3.7 Armour
 + Level 3.6 Shields


You had 2 spell levels left.
You didn't know any spells.
Your spell library contained the following spells:

 Spells                   Type           Power      Damage    Failure   Level
 Necrotise                Necr           0%         1d4       86%         1
 Vampiric Draining        Necr           0%         2d6       99%         3
 Agony                    Necr           0%         N/A       100%        5


Dungeon Overview and Level Annotations

Branches:
Dungeon (2/15)

Altars:

Annotations:
D:2 Sigmund


Message History

No target in view!
No target in view!
No target in view!
No target in view!
No target in view!
No target in view!
No target in view!
You closely miss something.
A quokka comes into view.
Something hits you.
You hit something.
You hear some strange, mumbled words.
A magic dart appears from out of thin air!
The magic dart hits you but does no damage.
You barely miss something. Something hits you.
You barely miss something. Something hits you but does no damage.
You barely miss something. You hit the quokka. You block the quokka's attack.
Something hits you.
You barely miss something. You closely miss the quokka. The quokka bites you.
The quokka barely misses you. Something hits you!
You slash something! You hit the quokka but do no damage.
You block the quokka's attack. The quokka closely misses you.
Something hits you.
You miss something. You barely miss the quokka. You block the quokka's attack.
Something hits you.
* * * LOW HITPOINT WARNING * * *
You closely miss something. You closely miss the quokka.
The quokka closely misses you. The quokka bites you.
* * * LOW HITPOINT WARNING * * *
You barely miss something. You slash the quokka!
You kill the quokka!
Something hits you but does no damage.
You hit something but do no damage. Something completely misses you.
You hit something but do no damage.
You hear some strange, mumbled words.
Something tries to affect you, but you resist.
You slash something! Something hits you.
* * * LOW HITPOINT WARNING * * *
You barely miss something. Something hits you.
You die...

#.##.......# #.
#.##.......#
#.####.##.......#
####...............#######
...................'.....#
#.#..##...........###.###
.#.................# #.#
.....>....>.##########.#
.#.....<........@##.##.#
#.......#.######{.....#
#..†#####.##....r..####
#... #.##..##.#.# ##..
.##. #.#.# #.. #. #.#.#
#.. .. ..#.. ... . ..#.#
#.. .r####


You could see a rat.

Vanquished Creatures
  A dart slug (D:1)
  2 bats (D:2)
  2 endoplasms
  A goblin (D:1)
  2 hobgoblins (D:1)
  3 jackals (D:1)
  4 kobolds (D:1)
  3 quokkas
  3 ball pythons (D:1)
  2 frilled lizards (D:1)
  A rat (D:1)
24 creatures vanquished.

Notes
Turn   | Place    | Note
-------+----------+-------------------------------------------
     0 | D:1      | randomguy2701 the Hill Orc Fighter began the quest for the
                  | Orb.
     0 | D:1      | Reached XP level 1. HP: 19/19 MP: 1/1
   148 | D:1      | Reached XP level 2. HP: 27/27 MP: 2/2
   281 | D:1      | Reached skill level 4 in Fighting
   302 | D:1      | Found a faded altar of an unknown god.
   507 | D:1      | Reached XP level 3. HP: 22/33 MP: 3/3
   750 | D:2      | Noticed Sigmund
   843 | D:2      | Slain by Sigmund

Illustrated notes

Levels and vault maps discovered:
D:1:      minmay_arrival_jagged, layout_basic, dreamdust_ecumenical_altar_grove
D:2:      layout_basic, minmay_distorted, uniq_sigmund

Skill      XL: |  1  2  3 |
---------------+----------+-----
Fighting       | 4 |  4.1
Axes           | 3 |  3.1
Armour         | |  3.7
Shields        | |  3.6

Action                     || total
---------------------------++-------
  Melee: War axe           ||    80
 Armour: Scale mail        ||    68
  Dodge: Dodged            ||    34
  Block: Buckler           ||    16

Table legend: (Time is in decaauts)
 A = Elapsed time spent in this place.
 B = Non-inter-level travel time spent in this place.
 C = Inter-level travel time spent in this place.
 D = Time resting spent in this place.
 E = Time spent auto-exploring this place.
 F = Levels seen in this place.
 G = Mean time per level.
                   A        B        C        D        E       F      G
               +--------+--------+--------+--------+--------+-----+--------+
         Total |    874 |    860 |     14 |      0 |    668 |   2 |  437.0 |
       Dungeon |    874 |    860 |     14 |      0 |    668 |   2 |  437.0 |
               +--------+--------+--------+--------+--------+-----+--------+

Top non-repeatable levels by time:
     D:1: 779 daAuts
     D:2: 95 daAuts
